 Dungeon Crawl Stone Soup version 0.29.0-11-gd7f09526c8 (webtiles) character file.

Game seed: 1224549265465439458

757 xian the Chopper (level 7, 0/53 HPs)
             Began as a Demonspawn Fighter on Sept 6, 2022.
             Slain by a killer bee (4 damage)
             ... on level 4 of the Dungeon.
             The game lasted 00:10:12 (5742 turns).

xian the Chopper (Demonspawn Fighter)               Turns: 5742, Time: 00:10:12

Health: 0/53       AC: 10    Str: 23    XL:     7   Next: 50%
Magic:  7/7        EV:  8    Int: 11    God:
Gold:   133        SH:  4    Dex: 11    Spells: 6/6 levels left

rFire   . . .      SeeInvis .   a - +0 war axe
rCold   . . .      Faith    .   c - +0 buckler
rNeg    . . .      Spirit   .   m - +0 chain mail
rPois   +          Reflect  .   o - +0 helmet {Int+3}
rElec   .          Harm     .   (no cloak)
rCorr   .          Rampage  .   (no gloves)
Will    .....      Clarity  +   (no boots)
Stlth   ..........              (no amulet)
HPRegen 0.17/turn               g - ring of poison resistance
MPRegen 0.10/turn               (no ring)

@: mighty
A: claws 2, demonic guardian 1, ignite blood 1, clarity, strong 1
a: no special abilities


You were on level 4 of the Dungeon.
You visited 1 branch of the dungeon, and saw 5 of its levels.

You collected 265 gold pieces.
You spent 132 gold pieces at shops.

Inventory:

Hand Weapons
 a - a +0 war axe (weapon)
Missiles
 b - a throwing net
 e - 10 poisoned darts (quivered)
 v - 4 boomerangs
Armour
 c - a +0 buckler (worn)
 m - a +0 chain mail (worn)
 o - a +0 helmet of intelligence (worn)
Jewellery
 g - a ring of poison resistance (left claw)
Wands
 i - a wand of roots (4)
 j - a wand of flame (13)
Scrolls
 f - a scroll of poison
 h - a scroll of vulnerability
 n - 3 scrolls of amnesia
 t - 4 scrolls of teleportation
Potions
 d - a potion of might
 k - a potion of cancellation
 p - a potion of berserk rage {unknown}
 q - a potion of lignification {unknown}
 r - a potion of ambrosia {unknown}
 s - a potion of haste {unknown}
 u - 2 potions of flight {unknown}
 w - a potion of attraction {unknown}


   Skills:
 + Level 3.9 Fighting
 + Level 4.6 Axes
 * Level 2.4 Throwing
 + Level 4.6 Armour
 + Level 1.6 Dodging
 + Level 1.1 Stealth
 + Level 3.5 Shields


You had 6 spell levels left.
You didn't know any spells.
Your spell library contained the following spells:

 Spells                   Type           Power      Damage    Failure   Level
 Apportation              Tloc           0%         N/A       98%         1
 Foxfire                  Conj/Fire      0%         2x1d4     98%         1
 Conjure Flame            Conj/Fire      0%         6-21      100%        3
 Gell's Gravitas          Tloc           0%         N/A       100%        3
 Ignite Poison            Fire/Tmut/Pois 0%         N/A       100%        3
 Inner Flame              Hex/Fire       0%         N/A       100%        3
 Mephitic Cloud           Conj/Pois/Air  0%         N/A       100%        3
 Teleport Other           Tloc           0%         N/A       100%        3
 Cause Fear               Hex            0%         N/A       100%        4
 Flame Wave               Conj/Fire      0%         2d4       100%        4
 Alistair's Intoxication  Tmut/Pois      0%         N/A       100%        5
 Freezing Cloud           Conj/Ice/Air   0%         6-21      100%        5
 Dispersal                Tloc           0%         N/A       100%        6
 Discord                  Hex            0%         N/A       100%        8


Dungeon Overview and Level Annotations

Branches:
Dungeon (5/15)
 Temple: D:4-7

Altars:
Fedhas

Shops:
D:1 (   D:3 !

Annotations:
D:5 Eustachio


Innate Abilities, Weirdness & Mutations

You have very sharp fingernails.
A weak demonic guardian rushes to your aid.
Your demonic aura sometimes causes spilled blood to erupt in flames.
You possess an exceptional clarity of mind.
Your muscles are strong. (Str +4, Int/Dex -1)


Message History

You hit the killer bee.
You kill the killer bee!
The killer bee stings you but does no damage. x2
You closely miss the killer bee.
The killer bee stings you but does no damage.
The killer bee stings you. You block the killer bee's attack.
Unknown command.
You closely miss the killer bee. The killer bee stings you.
* * * LOW HITPOINT WARNING * * *
The killer bee stings you.
* * * LOW HITPOINT WARNING * * *
You closely miss the killer bee. The killer bee barely misses you. x2
The killer bee stings you but does no damage.
You barely miss the killer bee. The killer bee closely misses you.
The killer bee completely misses you.
You barely miss the killer bee.
The killer bee stings you but does no damage.
The killer bee barely misses you. The killer bee stings you.
* * * LOW HITPOINT WARNING * * *
Unknown command.
You hit the killer bee.
The killer bee is lightly wounded.
You block the killer bee's attack. The killer bee stings you.
* * * LOW HITPOINT WARNING * * *
The killer bee closely misses you.
Unknown command.
You feel better. The killer bee stings you!
* * * LOW HITPOINT WARNING * * *
The killer bee is engulfed in blazing flames.
The killer bee stings you.
* * * LOW HITPOINT WARNING * * *
Okay, then.
You feel very mighty all of a sudden.
The killer bee is engulfed in blazing flames.
The killer bee stings you but does no damage.
The killer bee is engulfed in blazing flames.
You kill the killer bee!
Unknown command.
The killer bee stings you.
You die...

....###.####+#'######'###.#
..[.......#............##.#
##......#.#............##.#
.......................##.#
##.####.#..............##.#
...###................###.#
...............#####..# #.#
...###.##..#.##### #..# #.#
...###.##......y@# #..# #.#
....##.#...#..#### #..# #.####
....##.#...#..# #..# #.##.#
.....#.#...#.>######..# #.##.#
.....#.#..............# #.##.#
.[...#.#..............# #.##.#
.#....................# #.##.#
.#.....#..##..######..# #.##.#
..........##..######..###<##.##


You could see a killer bee.

Vanquished Creatures
  A phantom (D:5)
  3 scorpions
  3 killer bees (D:4)
  Jessica (D:2)
  An iguana (D:5)
  Ijyb (D:4)
  8 adders
  A worm (D:2)
  2 dart slugs (D:3)
  4 orcs (D:4)
  2 bats (D:2)
  12 endoplasms
  3 giant cockroaches (D:1)
  6 goblins
  4 hobgoblins
  2 quokkas (D:3)
  3 ball pythons (D:2)
  2 frilled lizards
  4 kobolds
  3 rats
66 creatures vanquished.

Vanquished Creatures (collateral kills)
  An ogre (D:4)
  A killer bee (D:4)
  A hound (D:4)
3 creatures vanquished.

Grand Total: 69 creatures vanquished

Notes
Turn   | Place    | Note
-------+----------+-------------------------------------------
     0 | D:1      | xian the Demonspawn Fighter began the quest for the Orb.
     0 | D:1      | Reached XP level 1. HP: 18/18 MP: 1/1
   139 | D:1      | Gained mutation: Your demonic aura sometimes causes spilled
                  | blood to erupt in flames. [demonic ancestry]
   139 | D:1      | Reached XP level 2. HP: 6/24 MP: 2/2
   392 | D:1      | Found Caoty's Weapon Emporium.
   510 | D:1      | Found a faded altar of an unknown god.
  1098 | D:2      | Reached XP level 3. HP: 12/29 MP: 3/3
  1683 | D:2      | Noticed Jessica
  1690 | D:2      | Killed Jessica
  1691 | D:2      | Gained mutation: A weak demonic guardian rushes to your
                  | aid. [demonic ancestry]
  1691 | D:2      | Reached XP level 4. HP: 34/35 MP: 4/4
  2397 | D:1      | Bought 5 poisoned darts for 28 gold pieces
  2408 | D:3      | Found Koovuil's Distillery.
  2420 | D:3      | Reached skill level 1 in Dodging
  2497 | D:3      | Bought a potion of curing for 39 gold pieces
  2497 | D:3      | Bought a potion of heal wounds for 65 gold pieces
  2923 | D:3      | Found a blossoming altar of Fedhas.
  3320 | D:4      | Gained mutation: You have sharp fingernails. [demonic
                  | ancestry]
  3320 | D:4      | Reached XP level 5. HP: 34/41 MP: 5/5
  3328 | D:4      | Gained mutation: You possess an exceptional clarity of
                  | mind. [potion of mutation]
  3328 | D:4      | Gained mutation: Your muscles are strong. (Str +4, Int/Dex
                  | -1) [potion of mutation]
  3328 | D:4      | Gained mutation: You have very sharp fingernails. [potion
                  | of mutation]
  3387 | D:4      | Noticed Ijyb
  3406 | D:4      | Killed Ijyb
  3732 | D:4      | Noticed an ogre
  3754 | D:4      | Killed an ogre
  3755 | D:4      | Reached skill level 1 in Throwing
  3755 | D:4      | Mutation became permanent: You have sharp fingernails.
                  | [demonic ancestry]
  3755 | D:4      | Gained mutation: You have very sharp fingernails. [demonic
                  | ancestry]
  3755 | D:4      | Reached XP level 6. HP: 5/47 MP: 6/6
  4879 | D:5      | Entered Level 5 of the Dungeon
  4879 | D:5      | Noticed Eustachio
  5422 | D:5      | Reached XP level 7. HP: 49/53 MP: 7/7
  5720 | D:4      | Reached skill level 1 in Stealth
  5742 | D:4      | Slain by a killer bee

Illustrated notes

Levels and vault maps discovered:
D:1:      wander_arrival_desolate, layout_basic, serial_shops,
          nicolae_shop_bloodbath_and_beyond,
          shapermc_ecumenical_altar_acropolis, minivault_11, minmay_domino_4
D:2:      layout_basic, minmay_misc_feat_tiny, hangedman_decor_push,
          minmay_close_crescents, uniq_jessica
D:3:      minmay_recursive_quarters, layout_basic, mainiacjoe_overflow_catwalk,
          serial_shops, shop, dk_vineyard_3, nicolae_figureground_pulse
D:4:      layout_basic, chequers_mini_garden, chequers_arboretum, uniq_ijyb
D:5:      layout_basic, grunt_dithmenos_smoke, mainiacjoe_overflow_alcove_1,
          gammafunk_ghost_grave, uniq_eustachio

Skill      XL: |  1  2  3  4  5  6  7 |
---------------+----------------------+-----
Armour         | 3 4 |  4.6
Shields        | 3 |  3.5
Axes           | 2 3 4 |  4.6
Dodging        | 1 |  1.6
Throwing       | 1 2 |  2.4
Stealth        | 1 |  1.1
Fighting       | |  3.9

Action                   |  1- 3 |  4- 6 |  7- 9 || total
-------------------------+-------+-------+-------++-------
Melee: War axe           |    72 |   132 |    40 ||   244
Throw: Dart              |       |    20 |       ||    20
  Use: Scroll            |     4 |     2 |     1 ||     7
       Potion            |       |     5 |     2 ||     7
 Stab: Distracted        |       |     1 |       ||     1
Armor: Scale mail        |    28 |     9 |       ||    37
       Chain mail        |       |   113 |    36 ||   149
Dodge: Dodged            |    31 |    89 |    33 ||   153
Block: Buckler           |    17 |    44 |    15 ||    76
